AoeStats
← samsepi0l1

Black Forest

509198638Analyzed
2v2 RM · 8d ago on Sep 25, 2026· 27m 18s· 4 players
Game mode
Random Map
Map size
Medium (4 player)
Population
200
Speed
Normal
Resources
Standard
Victory
Conquest
Starting age
Dark Age
Ending age
Imperial Age
RankedLock teamsTeams togetherTeam positionsShared explorationLock speedFull tech treeHidden civsTurbo modeCheats
Victory
Defeat
🇨🇱 Mongols · Chile
612
+23
🇨🇱 Bulgarians · Chile
588
+16
🇫🇷 Celts · France
616
-17
🇩🇪 Ethiopians · Germany
545
-14
Citro kl
11:32 Feudal Age
12:46 Double-Bit Axe
12:49 Loom
20:03 Bloodlines
23:07 Horse Collar
27:46 Castle Age
samsepi0l1
11:54 Feudal Age
10:28 Loom
13:13 Wheelbarrow
14:07 Horse Collar
14:49 Double-Bit Axe
19:25 Bloodlines
24:42 Castle Age
26:59 Heavy Plow
27:08 Scale Barding Armor
27:42 Hand Cart
27:13 Town Watch
27:53 Chain Barding Armor
lucas.corbin.pop
Warrior47
17:00 Feudal Age
17:29 Double-Bit Axe
17:28 Horse Collar
22:30 Man-at-Arms
27:50 Castle Age
Connection lost

Rejoining the realm…

Still unreachable

The connection could not be restored.

Session expired

The server has moved on; the page needs a fresh start.